 Dungeon Sprint DCSS version 0.21.0-24-g2553a33 (webtiles) character file.

1878 letownia2 the Grappler (level 8, -5/80 HPs)
             Began as a Troll Wizard on Jan 21, 2018.
             Was an Initiate of Gozag.
             Slain by a five-headed hydra (7 damage)
             ... in the Dungeon (Sprint IX: "|||||||||||||||||||||||||||||").
             The game lasted 00:06:03 (1064 turns).

letownia2 the Grappler (Troll Wizard)               Turns: 1064, Time: 00:06:04

Health: -5/80      AC:  5    Str: 16    XL:     8   Next: 91%
Magic:  9/12       EV: 12    Int: 19    God:    Gozag
Gold:   1098       SH:  0    Dex:  8    Spells: 2/13 levels left

rFire    . . .     SeeInvis .     - Unarmed
rCold    . . .     Gourm    +   (no shield)
rNeg     . . .     Faith    .   a - +0 robe
rPois    .         Spirit   .   b - +0 hat
rElec    .         Reflect  .   (no cloak)
rCorr    .         Harm     .   (gloves unavailable)
MR       .....     NoTele   +   (boots unavailable)
Stlth    +.........             (no amulet)
HPRegen  0.63/turn              q - +2 ring of evasion
MPRegen  0.13/turn              p - +3 ring of intelligence

@: no status effects
A: large, unfitting armour, claws 3, fast metabolism 3, gourmand, regeneration
1, shaggy fur 1, tough skin 2
a: Potion Petition, Call Merchant, Bribe Branch, Renounce Religion


You were in the Dungeon.
You worshipped Gozag.
Gozag was most pleased with you.
You were not hungry.

You visited 1 branch You collected 1098 gold pieces.

Inventory:

Armour
 a - a +0 robe (worn)
 b - a +0 hat (worn)
Magical Staves
 r - an uncursed staff of energy
Jewellery
 p - a +3 ring of intelligence (right claw)
 q - a +2 ring of evasion (left claw)
 u - a +4 amulet of reflection
Wands
 o - a wand of iceblast (10)
Scrolls
 j - 3 scrolls of blinking
 m - 3 scrolls of remove curse
 n - 2 scrolls of amnesia
 v - 2 scrolls of fear
 w - 2 scrolls of enchant weapon
 x - 2 scrolls of enchant armour
Potions
 e - 5 potions of curing
 f - 7 potions of heal wounds
 g - a potion of haste
 h - 4 potions of magic
 i - a potion of berserk rage
 k - a potion of agility
 l - a potion of invisibility
 s - a potion of mutation
 t - a potion of brilliance
Books
 c - a book of Minor Magic

   Spells                             Type                      Level
   a - Magic Dart                     Conjuration                  1
   b - Blink                          Translocation                2
   c - Call Imp                       Summoning                    2
   d - Slow                           Hexes                        2
   e - Conjure Flame                  Conjuration/Fire             3
   f - Mephitic Cloud                 Conjuration/Poison/Air       3
Comestibles
 d - a ration


   Skills:
 + Level 5.2 Fighting
 - Level 3.2 Dodging
 - Level 1.0 Stealth
 * Level 12.4 Unarmed Combat
 - Level 3.4 Spellcasting
 - Level 5.8 Conjurations
 - Level 0.6 Summonings
 - Level 4.6 Translocations
 - Level 3.4 Fire Magic
 - Level 3.1 Air Magic
 - Level 3.5 Poison Magic


You had 2 spell levels left.
You knew the following spells:

 Your Spells              Type           Power        Failure   Level  Hunger
a - Magic Dart            Conj           ####         1%          1    None
b - Blink                 Tloc           N/A          3%          2    ##.....
c - Conjure Flame         Conj/Fire      ###.....     6%          3    ###....
e - Mephitic Cloud        Conj/Pois/Air  ###.....     8%          3    ###....
i - Call Imp              Summ           #.......     17%         2    ##.....


Dungeon Overview and Level Annotations

Branches:
Dungeon (1/1)

Altars:
Cheibriados
Dithmenos
Elyvilon
Fedhas
Gozag
Hepliaklqana
Kikubaaqudgha
Makhleb
Nemelex Xobeh
Okawaru
Qazlal
Ru
Sif Muna
Trog
Uskayaw
Vehumet
Wu Jian
Xom
Yredelemnul
Zin
The Shining One
Beogh
Jiyva
Lugonu


Innate Abilities, Weirdness & Mutations

You are too large for most types of armour.
You have claws for hands.
Your metabolism is lightning-fast.
You like to eat raw meat.
Your natural rate of healing is unusually fast.
You are covered in fur. (AC +1)
You have very tough skin. (AC +2)


Message History

The five-headed hydra is moderately wounded.
The five-headed hydra is engulfed in blazing flames.
The five-headed hydra bites you!
The five-headed hydra completely misses you.
The five-headed hydra bites you. The five-headed hydra bites you!
* * * LOW HITPOINT WARNING * * *
The five-headed hydra bites you!
* * * LOW HITPOINT WARNING * * *
Unknown command.
Unknown command.
You barely miss the five-headed hydra.
The five-headed hydra is heavily wounded.
The five-headed hydra is engulfed in blazing flames.
The five-headed hydra bites you.
* * * LOW HITPOINT WARNING * * *
The five-headed hydra bites you!
* * * LOW HITPOINT WARNING * * *
The five-headed hydra bites you!
You die...
Your body crumbles into a pile of gold. $$$$$$$$$ $$$$$$$$$$$$$

▓▓▓▓▓▓▓▓▓▓▓▓▓▓▓▓▓▓▓▓▓▓▓▓
.SDYFFD@....).[.....'...
▓▓▓▓▓▓▓▓▓▓▓▓▓▓▓▓▓▓▓▓▓▓▓▓▓▓▓▓▓▓▓▓▓
.................................
▓▓▓▓▓▓▓▓▓▓▓▓▓▓▓▓▓▓▓▓▓▓▓▓▓▓▓▓▓▓▓▓▓
____________________'.....'.....)
▓▓▓▓▓▓▓▓▓▓▓▓▓▓▓▓▓▓▓▓▓▓▓▓▓▓▓▓▓▓▓▓▓


You could see 2 five-headed hydras, a yak, 2 spiny frogs and a water moccasin.

Vanquished Creatures
  An unseen horror (D)
  A manticore (D)
  An ugly thing (D)
  A komodo dragon (D)
  A troll (D)
  2 orc warriors (D)
  A phantom (D)
  An ogre (D)
  A big kobold (D)
  A bullfrog (D)
  A crimson imp (D)
  A worker ant (D)
  An adder (D)
  A worm (D)
  A dart slug (D)
  A leopard gecko (D)
  A bat (D)
  2 goblins (D)
  2 frilled lizards (D)
22 creatures vanquished.

Notes
Turn   | Place    | Note
-------+----------+-------------------------------------------
     0 | D        | letownia2 the Troll Wizard began the quest for the Orb.
     0 | D        | Reached XP level 1. HP: 16/16 MP: 2/2
     5 | D        | Reached skill level 1 in Unarmed Combat
     6 | D        | Reached skill level 2 in Unarmed Combat
    13 | D        | Reached skill level 3 in Unarmed Combat
    33 | D        | Noticed a worker ant
    38 | D        | Reached skill level 4 in Unarmed Combat
    38 | D        | Reached XP level 2. HP: 14/24 MP: 4/4
    39 | D        | Reached skill level 5 in Unarmed Combat
    60 | D        | Reached XP level 3. HP: 21/31 MP: 4/6
    69 | D        | Learned a level 3 spell: Mephitic Cloud
    73 | D        | Learned a level 3 spell: Conjure Flame
    86 | D        | Found a roughly hewn altar of Beogh.
    86 | D        | Found a snail-covered altar of Cheibriados.
    86 | D        | Found a shadowy altar of Dithmenos.
    86 | D        | Found a white marble altar of Elyvilon.
    86 | D        | Found a blossoming altar of Fedhas.
    86 | D        | Found an opulent altar of Gozag.
    87 | D        | Found a hazy altar of Hepliaklqana.
    88 | D        | Found a viscous altar of Jiyva.
    89 | D        | Found an ancient bone altar of Kikubaaqudgha.
    90 | D        | Found a corrupted altar of Lugonu.
    91 | D        | Found a burning altar of Makhleb.
    92 | D        | Found a sparkling altar of Nemelex Xobeh.
    93 | D        | Found an iron altar of Okawaru.
    94 | D        | Became a worshipper of Gozag Ym Sagoz the Greedy
    95 | D        | Found a stormy altar of Qazlal.
    96 | D        | Found a sacrificial altar of Ru.
    97 | D        | Found a deep blue altar of Sif Muna.
    98 | D        | Found a bloodstained altar of Trog.
    99 | D        | Found a hide-covered altar of Uskayaw.
   100 | D        | Found a radiant altar of Vehumet.
   102 | D        | Found an ornate altar of the Wu Jian Council.
   103 | D        | Found a shimmering altar of Xom.
   104 | D        | Found a basalt altar of Yredelemnul.
   105 | D        | Found a glowing silver altar of Zin.
   106 | D        | Found a glowing golden altar of the Shining One.
   115 | D        | Found the +9 sword of Zonguldrok {reap}
   123 | D        | Found the +13 scythe of Curses {drain, *Curse}
   147 | D        | Noticed an ogre
   147 | D        | Noticed an orc warrior
   147 | D        | Noticed a big kobold
   147 | D        | Noticed a phantom
   163 | D        | Killed a phantom
   163 | D        | Reached skill level 1 in Fire Magic
   163 | D        | Reached skill level 1 in Air Magic
   163 | D        | Reached skill level 1 in Poison Magic
   163 | D        | Reached XP level 4. HP: 21/42 MP: 8/8
   185 | D        | Killed a big kobold
   185 | D        | Reached XP level 5. HP: 39/52 MP: 0/9
   190 | D        | Killed an orc warrior
   190 | D        | Reached XP level 6. HP: 48/59 MP: 1/10
   238 | D        | Learned a level 2 spell: Blink
   270 | D        | Reached skill level 1 in Translocations
   695 | D        | Killed an unseen horror
   695 | D        | Reached skill level 8 in Unarmed Combat
   695 | D        | Reached skill level 5 in Conjurations
   695 | D        | Reached XP level 7. HP: 19/66 MP: 5/11
   786 | D        | Noticed a purple ugly thing
   786 | D        | Noticed a troll
   786 | D        | Noticed a manticore
   786 | D        | Noticed a komodo dragon
   813 | D        | Killed a komodo dragon
   813 | D        | Reached skill level 9 in Unarmed Combat
   813 | D        | Reached XP level 8. HP: 56/74 MP: 5/12
   813 | D        | Killed a troll
   813 | D        | Reached skill level 10 in Unarmed Combat
   816 | D        | Killed a manticore
   816 | D        | Reached skill level 11 in Unarmed Combat
   921 | D        | Killed a purple ugly thing
   921 | D        | Reached skill level 5 in Fighting
   921 | D        | Reached skill level 12 in Unarmed Combat
  1059 | D        | Learned a level 2 spell: Call Imp
  1059 | D        | Noticed a spiny frog
  1059 | D        | Noticed a five-headed hydra
  1059 | D        | Noticed a spiny frog
  1061 | D        | Noticed a five-headed hydra
  1064 | D        | HP: 2/80 [five-headed hydra (7)]
  1064 | D        | Slain by a five-headed hydra

Skill      XL: |  1  2  3  4  5  6  7  8 |
---------------+-------------------------+-----
Unarmed Combat | 4 5 8 9 12 | 12.4
Spellcasting   | 3 |  3.4
Fighting       | 2 5 |  5.2
Dodging        | 2 3 |  3.2
Conjurations   | 2 3 5 |  5.8
Fire Magic     | 1 2 3 |  3.4
Air Magic      | 1 2 3 |  3.1
Poison Magic   | 1 2 3 |  3.5
Translocations | 4 |  4.6
Stealth        | |  1.0
Summonings     | |  0.6

Action                   |  1- 3 |  4- 6 |  7- 9 || total
-------------------------+-------+-------+-------++-------
Melee: Unarmed           |    38 |    28 |    21 ||    87
       Punch             |       |     1 |     1 ||     2
 Cast: Mephitic Cloud    |       |    10 |     4 ||    14
       Conjure Flame     |       |     3 |     2 ||     5
 Stab: Confused          |       |       |     5 ||     5
  Eat: Chunk             |     6 |       |       ||     6
       Ration            |       |       |     1 ||     1
Armor: Robe              |     7 |     5 |     2 ||    14
Dodge: Dodged            |    12 |     7 |     6 ||    25
